 Dungeon Crawl Stone Soup version 0.17-a0-1954-g0dddeaa (webtiles) character file.

263 glosham the Chopper (level 5, 0/41 HPs)
             Began as a Demigod Wanderer on Oct 4, 2015.
             Succumbed to a worker ant's poison
             ... on level 4 of the Dungeon.
             The game lasted 00:49:03 (3539 turns).

glosham the Chopper (Demigod Wanderer)              Turns: 3539, Time: 00:49:03

Health: 0/41       AC:  6    Str: 19    XL:     5   Next: 65%
Magic:  9/9        EV: 15    Int: 20    God:
Gold:   233        SH:  0    Dex: 19    Spells: 2 memorised, 3 levels left

rFire  . . .     SeeInvis .     b - +0 hand axe (elec)
rCold  . . .     Clarity  .     X - +0 ring mail (curse)
rNeg   + + .     SustAt   +     (no shield)
rPois  .         Gourm    .     U - +0 helmet
rElec  .         Spirit   .     (no cloak)
rCorr  .         Warding  +     (no gloves)
rMut   .         Stasis   .     (no boots)
MR     .....                    z - amulet of warding
Stlth  ++........               (no ring)
                                A - ring of positive energy (curse)

@: brilliant, agile, lethally poisoned (0 -> -5), not resistant to hostile
enchantments, unstealthy
A: high mp 1, sustain attributes
a: no special abilities


You were on level 4 of the Dungeon.
You were not hungry.

You visited 1 branch of the dungeon, and saw 4 of its levels.

You collected 233 gold pieces.

Inventory:

Hand weapons
 a - a +0 blowgun
 b - a +0 hand axe of electrocution (weapon)
 c - a +0 dagger of venom
 d - a +0 hunting sling
 e - a +0 trident
 s - a +1 vampiric dagger
Missiles
 g - 39 poisoned needles
 i - 85 arrows
 j - 81 stones (quivered)
 m - 19 sling bullets
 r - 19 tomahawks
Armour
 o - a +0 leather armour
 T - a +0 robe
 U - a +0 helmet (worn)
 X - a cursed +0 ring mail (worn)
Jewellery
 z - an amulet of warding (around neck)
 A - a cursed ring of positive energy (left hand)
Magical devices
 u - a wand of digging (12)
Scrolls
 l - a scroll of immolation
 t - 2 scrolls of teleportation
Potions
 w - a potion of agility
Books
 h - a book of Spatial Translocations

   Spells                             Type                      Level
   a - Apportation                    Translocation                1
   b - Blink                          Translocation                2
   c - Shroud of Golubria             Charms/Translocation         2
   d - Portal Projectile              Translocation                3
   e - Teleport Other                 Translocation                3
   f - Passage of Golubria            Translocation                4
 k - the Compendium of Displacement

   Spells                             Type                      Level
   a - Apportation                    Translocation                1
   b - Recall                         Summoning/Translocation      3
Comestibles
 f - 3 bread rations
 p - a meat ration
 q - 2 chunks of flesh
 v - a beef jerky


   Skills:
 - Level 2.0 Fighting
 * Level 5.2 Axes
   Level 2.6 Crossbows
 - Level 1.7 Throwing
 - Level 1.0 Spellcasting
 - Level 1.0 Translocations
   Level 1.0 Earth Magic


You had 3 spell levels left.
You knew the following spells:

 Your Spells              Type           Power        Failure   Level  Hunger
a - Apportation           Tloc           ###.......   2%          1    ##.....
b - Blink                 Tloc           N/A          4%          2    ###....


Dungeon Overview and Level Annotations

Branches:
Dungeon (4/15)
 Temple: D:4-7

Annotations:
D:4 !, Rayvis's ghost, experienced DrIE


Innate Abilities, Weirdness & Mutations

You have an increased reservoir of magic (+10% MP).
Your attributes are resistant to harm.


Message History

You hit the worker ant but do no damage.
The worker ant is moderately wounded.
You feel sick.
The worker ant bites you but does no damage.
You closely miss the worker ant.
The worker ant is moderately wounded.
You feel sick.
The worker ant bites you but does no damage.
The worker ant bites you.
You hit the worker ant.
The worker ant is heavily wounded.
You feel sick. The worker ant completely misses you.
You hit the worker ant.
There is a sudden explosion of sparks!
You kill the worker ant!
Your Axes skill increases to level 5!
You feel sick. The orc wizard casts a spell at you. The puff of frost hits you!
* * * LOW HITPOINT WARNING * * *
Drink which item? (? for menu, Esc to quit)
It was a potion of agility.
You feel agile all of a sudden.
* * * LOW HITPOINT WARNING * * *
You feel sick. The orc wizard hits you with a dagger.
* * * LOW HITPOINT WARNING * * *
The orc wizard closely misses you.
Drink which item? (? for menu, Esc to quit)
It was a potion of brilliance.
You feel clever all of a sudden. The orc wizard hits you with a dagger.
* * * LOW HITPOINT WARNING * * *
You barely miss the orc wizard.
The orc wizard is heavily wounded.
* * * LOW HITPOINT WARNING * * *
You feel sick.
The orc wizard hits you but does no damage.
The orc wizard closely misses you.
You hit the orc wizard.
There is a sudden explosion of sparks!
You kill the orc wizard!
You die...

# ##### # ### #...# # #...
#...# # #.#.#
#########...# #
......#####...........####
..#.#.(((.............>...
#...(.###)#........#######
.#(o. #@#........# #..
#.#........# #o
#.########## # #.# #.# #.#
#.# #.#


There were no monsters in sight!

Vanquished Creatures
  An orc wizard (D:4)
  An orc priest (D:3)
  A hound (D:4)
  2 worker ants (D:4)
  A hound skeleton (D:4)
  Robin (D:2)
  2 adders
  3 worms
  4 giant geckos
  9 orcs
  7 bats
  6 giant cockroaches
  14 goblins
  10 hobgoblins
  3 jackals (D:2)
  3 quokkas
  A ball python (D:1)
  A giant newt (D:3)
  6 kobolds
  5 rats
81 creatures vanquished.

Notes
Turn   | Place    | Note
--------------------------------------------------------------
     0 | D:1      | glosham the Demigod Wanderer began the quest for the Orb.
     0 | D:1      | glosham set off with: a book of Spatial Translocations, the Compendium of Displacement, 14 poisoned needles, a +0 blowgun, a +0 robe, a bread ration, a !bad item (cl:100,ty:0,pl:0,pl2:0,sp:0,qu:0), a !bad item (cl:100,ty:0,pl:0,pl2:0,sp:0,qu:0), a !bad item (cl:100,ty:0,pl:0,pl2:0,sp:0,qu:0), a !bad item (cl:100,ty:0,pl:0,pl2:0,sp:0,qu:0), a !bad item (cl:100,ty:0,pl:0,pl2:0,sp:0,qu:0), a !bad item (cl:100,ty:0,pl:0,pl2:0,sp:0,qu:0), a !bad item (cl:100,ty:0,pl:0,pl2:0,sp:0,qu:0), a !bad item (cl:100,ty:0,pl:0,pl2:0,sp:0,qu:0), a !bad item (cl:100,ty:0,pl:0,pl2:0,sp:0,qu:0), a !bad item (cl:100,ty:0,pl:0,pl2:0,sp:0,qu:0), a !bad item (cl:100,ty:0,pl:0,pl2:0,sp:0,qu:0), a !bad item (cl:100,ty:0,pl:0,pl2:0,sp:0,qu:0), a !bad item (cl:100,ty:0,pl:0,pl2:0,sp:0,qu:0), a !bad item (cl:100,ty:0,pl:0,pl2:0,sp:0,qu:0), a !bad item (cl:100,ty:0,pl:0,pl2:0,sp:0,qu:0), a !bad item (cl:100,ty:0,pl:0,pl2:0,sp:0,qu:0), a !bad item (cl:100,ty:0,pl:0,pl2:0,sp:0,qu:0), a !bad item (cl:100,ty:0,pl:0,pl2:0,sp:0,qu:0), a !bad item (cl:100,ty:0,pl:0,pl2:0,sp:0,qu:0), a !bad item (cl:100,ty:0,pl:0,pl2:0,sp:0,qu:0), a !bad item (cl:100,ty:0,pl:0,pl2:0,sp:0,qu:0), a !bad item (cl:100,ty:0,pl:0,pl2:0,sp:0,qu:0), a !bad item (cl:100,ty:0,pl:0,pl2:0,sp:0,qu:0), a !bad item (cl:100,ty:0,pl:0,pl2:0,sp:0,qu:0), a !bad item (cl:100,ty:0,pl:0,pl2:0,sp:0,qu:0), a !bad item (cl:100,ty:0,pl:0,pl2:0,sp:0,qu:0), a !bad item (cl:100,ty:0,pl:0,pl2:0,sp:0,qu:0), a !bad item (cl:100,ty:0,pl:0,pl2:0,sp:0,qu:0), a !bad item (cl:100,ty:0,pl:0,pl2:0,sp:0,qu:0), a !bad item (cl:100,ty:0,pl:0,pl2:0,sp:0,qu:0), a !bad item (cl:100,ty:0,pl:0,pl2:0,sp:0,qu:0), a !bad item (cl:100,ty:0,pl:0,pl2:0,sp:0,qu:0), a !bad item (cl:100,ty:0,pl:0,pl2:0,sp:0,qu:0), a !bad item (cl:100,ty:0,pl:0,pl2:0,sp:0,qu:0), a !bad item (cl:100,ty:0,pl:0,pl2:0,sp:0,qu:0), a !bad item (cl:100,ty:0,pl:0,pl2:0,sp:0,qu:0), a !bad item (cl:100,ty:0,pl:0,pl2:0,sp:0,qu:0), a !bad item (cl:100,ty:0,pl:0,pl2:0,sp:0,qu:0), a !bad item (cl:100,ty:0,pl:0,pl2:0,sp:0,qu:0), a !bad item (cl:100,ty:0,pl:0,pl2:0,sp:0,qu:0), a !bad item (cl:100,ty:0,pl:0,pl2:0,sp:0,qu:0), a !bad item (cl:100,ty:0,pl:0,pl2:0,sp:0,qu:0), a !bad item (cl:100,ty:0,pl:0,pl2:0,sp:0,qu:0), a !bad item (cl:100,ty:0,pl:0,pl2:0,sp:0,qu:0), a !bad item (cl:100,ty:0,pl:0,pl2:0,sp:0,qu:0), a !bad item (cl:100,ty:0,pl:0,pl2:0,sp:0,qu:0)
     0 | D:1      | Reached XP level 1. HP: 17/17 MP: 4/4
     0 | D:1      | Identified the Compendium of Displacement
     2 | D:1      | Learned a level 1 spell: Apportation
    31 | D:1      | Reached skill level 2 in Fighting
   136 | D:1      | Reached skill level 1 in Axes
   230 | D:1      | Reached XP level 2. HP: 9/24 MP: 5/5
   413 | D:1      | Learned a level 2 spell: Blink
   854 | D:2      | Reached skill level 2 in Axes
  1043 | D:2      | Reached XP level 3. HP: 27/29 MP: 6/6
  1145 | D:2      | Noticed Robin
  1741 | D:2      | Reached skill level 3 in Axes
  2002 | D:2      | Killed Robin
  2123 | D:2      | Reached XP level 4. HP: 27/36 MP: 8/8
  2221 | D:2      | Found a deep blue altar of Sif Muna.
  2222 | D:2      | Found a basalt altar of Yredelemnul.
  2396 | D:3      | Found a faded altar to an unknown god.
  2677 | D:3      | Reached skill level 4 in Axes
  3093 | D:4      | Found a blossoming altar of Fedhas.
  3134 | D:4      | Noticed Rayvis's ghost (experienced DrIE)
  3427 | D:4      | Reached XP level 5. HP: 41/41 MP: 9/9
  3535 | D:4      | Reached skill level 5 in Axes
  3536 | D:4      | HP: 4/41 [orc wizard/dagger (1)]
  3538 | D:4      | HP: 1/41 [poisoned by a worker ant]
  3539 | D:4      | Succumbed to a worker ant's poison

Vault maps used:
D:1:      zelgadis_glass_arrival_small
D:2:      gammafunk_temple_overflow_pools, uniq_robin
D:3:      ecumenical_altar_1
D:4:      fedhas_altar_1, serial_glass, glass_columns_a, glass_columns_b,
          uniq_sigmund

Action                   |  1- 3 |  4- 6 || total
-------------------------+-------+-------++-------
Melee: Hand axe          |   118 |    58 ||   176
 Fire: Blowgun           |    32 |    53 ||    85
  Use: Scroll            |     6 |     3 ||     9
       Potion            |       |     2 ||     2
 Stab: Distracted        |     2 |       ||     2
  Eat: Chunk             |     4 |     4 ||     8

Table legend:
 A = Turns spent in this place as a percentage of turns spent in the entire game.
 B = Non-inter-level travel turns spent in this place as a percentage of non-inter-level travel turns spent in the entire game.
 C = Inter-level travel turns spent in this place as a percentage of turns spent in this place.
 D = Turns resting spent in this place as a percentage of non-inter-level travel turns spent in this place.
 E = Turns spent auto-exploring this place as a percentage of non-inter-level travel turns spent in this place.
 F = Non-inter-level travel turns spent in this place divided by the number of levels of this place that you've seen.
                   A       B       C       D       E      F
               +-------+-------+-------+-------+-------+----------------------
         Total | 100.0 | 100.0 |   0.4 |   1.2 |   0.4 | 500.5
       Dungeon | 100.0 | 100.0 |   0.4 |   1.2 |   0.4 | 500.5
               +-------+-------+-------+-------+-------+----------------------

Table legend:
 A = Kills in this place as a percentage of kills in entire the game.
 B = Kills by you in this place as a percentage of kills by you in the entire game.
 C = Kills by friends in this place as a percentage of kills by friends in the entire game.
 D = Other kills in this place as a percentage of other kills in the entire game.
 E = Experience gained in this place as a percentage of experience gained in the entire game.
 F = Experience gained in this place divided by the number of levels of this place that you have seen.
                   A       B       C       D       E      F
               +-------+-------+-------+-------+-------+----------------------
         Total | 100.0 | 100.0 |  -nan |  -nan | 100.0 |  94.2
       Dungeon | 100.0 | 100.0 |  -nan |  -nan | 100.0 |  94.2
               +-------+-------+-------+-------+-------+----------------------

Vault maps used:
D:1:      zelgadis_glass_arrival_small
D:2:      gammafunk_temple_overflow_pools, uniq_robin
D:3:      ecumenical_altar_1
D:4:      fedhas_altar_1, serial_glass, glass_columns_a, glass_columns_b,
          uniq_sigmund
